 Dungeon Crawl Stone Soup version 0.28-a0-622-gbaef9634d7 (webtiles) character file.

Game seed: 15865020658657444304

173 sleeves the Slasher (level 5, 0/41 HPs)
             Began as a Demonspawn Fighter on Oct 7, 2021.
             Was a Follower of Yredelemnul.
             Succumbed to an adder's poison
             ... on level 3 of the Dungeon.
             The game lasted 00:02:03 (3280 turns).

sleeves the Slasher (Demonspawn Fighter)            Turns: 3280, Time: 00:02:03

Health: 0/41       AC:  9    Str: 18    XL:     5   Next: 28%
Magic:  14/14      EV:  9    Int:  9    God:    Yredelemnul [*.....]
Gold:   187        SH:  5    Dex: 18    Spells: 4/4 levels left

rFire   . . .      SeeInvis .   a - +0 long sword
rCold   . . .      Faith    .   c - +0 buckler
rNeg    . . .      Spirit   .   b - +0 scale mail
rPois   .          Reflect  .   (helmet restricted)
rElec   .          Harm     .   (no cloak)
rCorr   .          Rampage  .   (no gloves)
Will    .....                   m - +0 pair of boots
Stlth   ..........              (no amulet)
HPRegen 0.13/turn               n - ring of magical power
MPRegen 0.14/turn               k - +6 ring of dexterity

@: lethally poisoned (0 -> -1)
A: antennae 2, molten scales 1, demonic magic 1
a: Renounce Religion, Animate Remains


You were on level 3 of the Dungeon.
You worshipped Yredelemnul.
Yredelemnul was aware of your devotion.
You visited 1 branch of the dungeon, and saw 3 of its levels.

You collected 187 gold pieces.

Inventory:

Hand Weapons
 a - a +0 long sword (weapon)
Armour
 b - a +0 scale mail (worn)
 c - a +0 buckler (worn)
 m - a +0 pair of boots (worn)
   (You found it on level 2 of the Dungeon)
Magical Staves
 p - a staff of conjuration
   (You found it on level 2 of the Dungeon)
Jewellery
 f - a ring of positive energy
   (You found it on level 1 of the Dungeon)
 k - a +6 ring of dexterity (right hand)
   (You found it on level 2 of the Dungeon)
 n - a ring of magical power (left hand)
   (You found it on level 2 of the Dungeon)
Scrolls
 e - a scroll of teleportation {unknown}
 o - a scroll of silence {unknown}
 r - a scroll of identify {unknown}
Potions
 d - a potion of might
 g - a potion of degeneration {unknown}
 h - a potion of ambrosia {unknown}
 i - a potion of haste {unknown}
 j - a potion of lignification {unknown}
 l - a potion of curing {unknown}
 q - a potion of invisibility {unknown}


   Skills:
 - Level 3.0 Fighting
 + Level 5.1 Long Blades
 - Level 2.6 Armour
 - Level 2.6 Shields


You had 4 spell levels left.
You didn't know any spells.
Your spell library was empty.

Dungeon Overview and Level Annotations

Branches:
Dungeon (3/15)

Altars:
Fedhas
Yredelemnul


Innate Abilities, Weirdness & Mutations

You have a pair of antennae on your head.
You are partially covered in molten scales. (AC +2)
Spells you cast may paralyse adjacent enemies.


Message History

There is a faded altar of an unknown god here.
You cannot tell which god this altar belongs to.
Convert to them anyway?
Okay, then.
You cannot tell which god this altar belongs to.
Convert to them anyway?
Yredelemnul accepts your prayer! Yredelemnul welcomes you!
You can now animate remains.
Done exploring.
Done exploring.
Done exploring.
(D) Dungeon
Where to? (Enter - D:1 @ (x,y), ? - help)
There is an open door here.
There is a stone staircase leading down here.
You climb downwards.
There is a stone staircase leading up here.
An adder is nearby!
An adder is nearby!
An adder is nearby!
An adder is nearby!
Found a club.
You hit the adder.
The adder is moderately wounded.
The adder barely misses you. The adder bites you.
You closely miss the adder.
The adder is moderately wounded.
The adder bites you. x2
You slash the adder!
You kill the adder!
Yredelemnul accepts your kill.
No target in view!
No target in view!
No target in view!
No target in view!
No target in view!
No target in view!
No target in view!
No target in view!
No target in view!
No target in view!
No target in view!
No target in view!
HP restored.
You sense a monster nearby.
You sense a monster nearby.
A bat comes into view.
The bat hits you but does no damage. The bat barely misses you.
A hobgoblin comes into view.
Found a stone staircase leading down.
The bat closely misses you. The bat hits you but does no damage.
You miss the bat. The bat hits you but does no damage. x2
You hit the bat but do no damage. The bat barely misses you.
No target in view!
No target in view!
No target in view!
No target in view!
No target in view!
No target in view!
The bat hits you but does no damage.
There are monsters nearby!
There are monsters nearby!
You slash the bat!
You kill the bat!
Yredelemnul accepts your kill. The hobgoblin barely misses you.
You hit the hobgoblin.
You kill the hobgoblin!
Yredelemnul accepts your kill.
No target in view!
No target in view!
No target in view!
No target in view!
No target in view!
No target in view!
No target in view!
No target in view!
No target in view!
No target in view!
No target in view!
You see here a hobgoblin corpse.
Found 30 stones.
An endoplasm comes into view.
The endoplasm quivers.
An endoplasm is nearby!
A quokka comes into view.
The endoplasm hits you but does no damage.
You slash the endoplasm!
You kill the endoplasm!
Yredelemnul accepts your kill.
An adder comes into view.
The adder hisses angrily.
The adder bites you.
You are poisoned.
The adder poisons you! You block the quokka's attack.
The adder bites you but does no damage.
You miss the adder.
You feel sick. The quokka bites you. The adder barely misses you.
The quokka bites you but does no damage.
The adder closely misses you.
You barely miss the adder.
You feel sick. You block the quokka's attack.
The adder bites you but does no damage. The quokka closely misses you.
You closely miss the adder.
You feel sick. You block the adder's attack. You block the quokka's attack.
The adder misses you.
You miss the adder.
You feel sick.
You are no longer poisoned.
The quokka bites you. The adder closely misses you.
You are too injured to fight recklessly!
You are too injured to fight recklessly!
You are too injured to fight recklessly!
There are monsters nearby!
There are monsters nearby!
There are monsters nearby!
You are too injured to fight recklessly!
Unknown command.
Unknown command.
The adder barely misses you.
You closely miss the adder. The adder misses you.
You slash the adder!
You kill the adder!
Yredelemnul accepts your kill. You block the quokka's attack.
You closely miss the quokka. The quokka bites you.
You closely miss the quokka. The quokka bites you.
* * * LOW HITPOINT WARNING * * *
The quokka bites you but does no damage.
You miss the quokka. The quokka bites you.
* * * LOW HITPOINT WARNING * * *
You hit the quokka but do no damage. The quokka bites you.
* * * LOW HITPOINT WARNING * * *
You block the quokka's attack.
You closely miss the quokka. You block the quokka's attack.
You slash the quokka!
You kill the quokka!
Yredelemnul accepts your kill.
Things that are here:
a quokka corpse; an adder corpse
k - a +6 ring of dexterity You feel agile.
k - a +6 ring of dexterity (right hand)
You start resting.
HP restored.
Things that are here:
a quokka skeleton; an adder skeleton You sense a monster nearby.
You sense a monster nearby.
A frilled lizard comes into view.
A bat comes into view.
The bat closely misses you.
You slash the bat!
You kill the bat!
Yredelemnul accepts your kill.
You closely miss the frilled lizard. You block the frilled lizard's attack.
You slash the frilled lizard!
You kill the frilled lizard!
Yredelemnul accepts your kill.
No target in view!
No target in view!
No target in view!
No target in view!
No target in view!
A kobold comes into view. It is wielding a +0 whip.
The kobold shouts!
A kobold is nearby!
A kobold is nearby!
The kobold barely misses you.
You hit the kobold.
The kobold is severely wounded.
You block the kobold's attack. The kobold hits you but does no damage.
You hit the kobold but do no damage.
The kobold is severely wounded.
The kobold barely misses you.
A kobold is nearby!
A kobold is nearby!
You closely miss the kobold.
The kobold is severely wounded.
The kobold hits you with a +0 whip.
You hit the kobold.
You kill the kobold!
Yredelemnul accepts your kill.
No target in view!
No target in view!
No target in view!
No target in view!
No target in view!
No target in view!
Found a hand axe.
You see here a +0 hand axe.
l - a smoky emerald potion You see here a +0 hand axe.
Found a stone staircase leading up.
No target in view!
No target in view!
No target in view!
No target in view!
No target in view!
No target in view!
No target in view!
No target in view!
No target in view!
A giant cockroach comes into view.
A giant cockroach is nearby!
A giant cockroach is nearby!
You slash the giant cockroach!
You kill the giant cockroach!
Yredelemnul accepts your kill.
No target in view!
No target in view!
No target in view!
No target in view!
No target in view!
No target in view!
No target in view!
No target in view!
You now have 112 gold pieces (gained 7).
You sense a monster nearby.
An adder comes into view.
The adder hisses angrily.
An adder is nearby!
Found a pair of boots.
The adder bites you but does no damage.
You slash the adder!
You kill the adder!
Yredelemnul accepts your kill.
Your Long Blades skill increases to level 4!
You have reached level 4!
You feel stronger.
Your demonic ancestry asserts itself...
A menacing aura infuses your magic.
You see here an adder corpse.
Found 23 bolts.
m - a +0 pair of boots You start putting on your armour.
You continue putting on your +0 pair of boots. x4
You finish putting on your +0 pair of boots.
A giant cockroach comes into view.
Found 8 poisoned darts.
A giant cockroach is nearby!
A giant cockroach is nearby!
A giant cockroach is nearby!
The giant cockroach bites you but does no damage.
You block the giant cockroach's attack.
You slash the giant cockroach!
You kill the giant cockroach!
Yredelemnul accepts your kill.
No target in view!
No target in view!
No target in view!
No target in view!
No target in view!
No target in view!
You see here a giant cockroach corpse.
You see here 8 poisoned darts.
You sense a monster nearby.
An adder comes into view.
The adder hisses angrily.
An adder is nearby!
The adder misses you. You block the adder's attack.
You slash the adder!
The adder is almost dead.
You block the adder's attack.
You hit the adder.
The adder is almost dead.
You block the adder's attack. The adder bites you but does no damage.
You slash the adder!
You kill the adder!
Yredelemnul accepts your kill.
No target in view!
No target in view!
No target in view!
No target in view!
You see here a giant cockroach corpse.
You see here 23 bolts.
Found a long sword and a dagger.
There is a stone staircase leading down here.
Found a stone staircase leading down.
You sense a monster nearby.
No target in view!
No target in view!
No target in view!
No target in view!
No target in view!
No target in view!
No target in view!
No target in view!
No target in view!
No target in view!
There is a stone staircase leading down here.
A rat comes into view.
A rat is nearby!
A rat is nearby!
You closely miss the rat.
The rat bites you but does no damage. x2
You hit the rat.
You kill the rat!
Yredelemnul accepts your kill.
No target in view!
No target in view!
No target in view!
No target in view!
No target in view!
No target in view!
A hobgoblin comes into view.
The hobgoblin shouts!
A hobgoblin is nearby!
You barely miss the hobgoblin. The hobgoblin hits you.
You closely miss the hobgoblin. You block the hobgoblin's attack.
You hit the hobgoblin.
The hobgoblin is lightly wounded.
The hobgoblin hits you.
You barely miss the hobgoblin.
The hobgoblin hits you but does no damage.
You slash the hobgoblin!
You kill the hobgoblin!
Yredelemnul accepts your kill.
No target in view!
No target in view!
No target in view!
No target in view!
No target in view!
n - a ring of magical power You see here a hobgoblin corpse.
You sense a monster nearby.
You're wearing all the rings you can.
Remove which one? (? for menu, Esc to cancel) < or
f - a ring of positive energy; > or
k - a +6 ring of dexterity
Okay, then.
Okay, then.
Okay, then.
Okay, then.
You're wearing all the rings you can.
Remove which one? (? for menu, Esc to cancel) < or
f - a ring of positive energy; > or
k - a +6 ring of dexterity You remove your ring of positive energy.
You feel your magic capacity increase.
n - a ring of magical power (left hand) Magic restored.
You now have 118 gold pieces (gained 6).
Found 18 stones.
A hobgoblin comes into view.
The hobgoblin shouts!
A hobgoblin is nearby!
You hit the hobgoblin.
The hobgoblin is heavily wounded.
The hobgoblin barely misses you.
You completely miss the hobgoblin.
The hobgoblin is moderately wounded.
The hobgoblin hits you but does no damage.
You hit the hobgoblin.
You kill the hobgoblin!
Yredelemnul accepts your kill.
No target in view!
No target in view!
No target in view!
No target in view!
No target in view!
No target in view!
No target in view!
You see here a hobgoblin corpse.
You see here 18 stones.
A frilled lizard comes into view.
A frilled lizard is nearby!
A frilled lizard is nearby!
You miss the frilled lizard.
The frilled lizard hisses.
The frilled lizard barely misses you.
You hit the frilled lizard.
The frilled lizard is heavily wounded.
The frilled lizard barely misses you.
You closely miss the frilled lizard.
The frilled lizard is heavily wounded.
You block the frilled lizard's attack.
You barely miss the frilled lizard.
The frilled lizard is heavily wounded.
The frilled lizard bites you.
You hit the frilled lizard.
You kill the frilled lizard!
Yredelemnul accepts your kill.
No target in view!
No target in view!
No target in view!
Found a short jewelled staff.
Found 18 bolts.
You now have 126 gold pieces (gained 8).
Found 23 stones.
o - a scroll labelled JEORUE KILI No target in view!
No target in view!
No target in view!
No target in view!
No target in view!
No target in view!
No target in view!
No target in view!
No target in view!
No target in view!
No target in view!
No target in view!
p - a staff of conjuration An orc comes into view.
It is wielding a +0 dagger.
The orc shouts!
You see here 18 bolts.
An orc is nearby!
An orc is nearby!
The orc hits you but does no damage.
You hit the orc.
The orc is heavily wounded.
The orc misses you.
You hit the orc but do no damage.
The orc is heavily wounded.
The orc hits you but does no damage.
Your scale mail prevents you from hitting the orc.
The orc is heavily wounded.
You block the orc's attack.
You hit the orc but do no damage.
The orc is heavily wounded.
The orc hits you with a +0 dagger. You block the orc's attack.
You hit the orc.
You kill the orc!
Yredelemnul accepts your kill.
No target in view!
No target in view!
No target in view!
No target in view!
Things that are here:
a +0 dagger; a +3 ring mail; an orc corpse A rat comes into view.
A rat is nearby!
Found a stone staircase leading up.
The rat bites you but does no damage.
You barely miss the rat. The rat barely misses you.
You hit the rat.
You kill the rat!
Yredelemnul accepts your kill.
No target in view!
No target in view!
No target in view!
No target in view!
No target in view!
An adder comes into view.
Found a short sword.
The adder hisses angrily.
An adder is nearby!
An adder is nearby!
The adder bites you but does no damage.
You miss the adder. The adder bites you but does no damage.
You hit the adder but do no damage. The adder bites you.
The adder barely misses you.
You hit the adder.
The adder is moderately wounded.
You block the adder's attack.
You hit the adder.
The adder is heavily wounded.
The adder bites you but does no damage. You block the adder's attack.
You miss the adder.
The adder is heavily wounded.
The adder closely misses you. The adder bites you.
You hit the adder.
The adder is severely wounded.
The adder barely misses you.
You miss the adder.
The adder is severely wounded.
The adder bites you but does no damage. The adder barely misses you.
You slash the adder!
You kill the adder!
Yredelemnul accepts your kill.
No target in view!
You see here a rat corpse.
Found a stone staircase leading down.
You open the door.
A quokka comes into view.
Found a war axe.
A quokka is nearby!
You barely miss the quokka.
The quokka twitches its whiskers.
The quokka bites you but does no damage.
You miss the quokka. The quokka closely misses you.
You slash the quokka!
You kill the quokka!
Yredelemnul accepts your kill.
No target in view!
No target in view!
No target in view!
No target in view!
No target in view!
No target in view!
No target in view!
No target in view!
No target in view!
There is an open door here.
You see here a quokka corpse.
You see here a +0 war axe.
You see here a +0 war axe.
Found 8 bolts.
You see here 8 bolts.
Done exploring.
Done exploring.
No target in view!
No target in view!
No target in view!
No target in view!
No target in view!
No target in view!
No target in view!
No target in view!
Done exploring.
Done exploring.
Done exploring.
(D) Dungeon
Where to? (Enter - D:2, ? - help)
There is an open door here.
You see here a quokka corpse.
You see here 23 bolts.
There is a stone staircase leading down here.
You climb downwards.
There is a stone staircase leading up here.
Found a stone staircase leading down.
Found 22 arrows.
No target in view!
No target in view!
No target in view!
No target in view!
No target in view!
No target in view!
No target in view!
No target in view!
No target in view!
No target in view!
No target in view!
You now have 135 gold pieces (gained 9).
You now have 153 gold pieces (gained 18).
You now have 158 gold pieces (gained 5).
Found a stone staircase leading down.
There is a stone staircase leading down here.
You now have 168 gold pieces (gained 10).
q - a fuming green potion An adder comes into view.
The adder hisses angrily.
You miss the adder. The adder barely misses you. The adder bites you.
You are poisoned.
The adder poisons you!
You hit the adder.
The adder is heavily wounded.
You feel sick. The adder bites you but does no damage.
Your shield and scale mail prevent you from hitting the adder.
The adder is heavily wounded.
You feel sick. The adder barely misses you. x2
You hit the adder.
The adder is severely wounded.
You feel sick. The adder barely misses you.
The adder bites you but does no damage.
You slash the adder!
You kill the adder!
Yredelemnul accepts your kill.
You feel sick.
No target in view!
No target in view!
No target in view!
No target in view!
No target in view!
No target in view!
You feel sick.
You feel sick.
You are no longer poisoned.
HP restored.
You see here an adder corpse.
Found 26 stones.
You see here 26 stones.
Found a glowing dagger.
Found a stone staircase leading up.
No target in view!
No target in view!
No target in view!
No target in view!
No target in view!
No target in view!
No target in view!
No target in view!
No target in view!
No target in view!
You now have 177 gold pieces (gained 9).
You sense a monster nearby.
You sense a monster nearby.
You see here an adder skeleton.
Key pressed, stopping explore.
No target in view!
No target in view!
No target in view!
No target in view!
No target in view!
No target in view!
No target in view!
No target in view!
No target in view!
No target in view!
There is a stone staircase leading down here.
There is a stone staircase leading up here.
You sense a monster nearby.
A centaur zombie comes into view.
A centaur zombie is nearby!
A frilled lizard comes into view.
The centaur zombie barely misses you. You block the centaur zombie's attack.
The centaur zombie hits you but does no damage.
The centaur zombie kicks you but does no damage.
You slash the centaur zombie!
The centaur zombie is moderately damaged.
The centaur zombie hits you but does no damage.
The centaur zombie misses you.
The frilled lizard bites you but does no damage.
You hit the centaur zombie.
The centaur zombie is heavily damaged.
The centaur zombie hits you but does no damage.
The centaur zombie kicks you but does no damage.
The frilled lizard completely misses you.
The centaur zombie hits you but does no damage.
The centaur zombie kicks you but does no damage.
You hit the centaur zombie.
The centaur zombie is heavily damaged.
The centaur zombie hits you but does no damage.
The centaur zombie kicks you but does no damage.
The frilled lizard barely misses you.
You slash the centaur zombie!
The centaur zombie is almost destroyed.
The centaur zombie hits you but does no damage.
The centaur zombie barely misses you. You block the frilled lizard's attack.
The centaur zombie hits you. The centaur zombie closely misses you.
You barely miss the centaur zombie.
The centaur zombie is almost destroyed.
The frilled lizard barely misses you.
The centaur zombie hits you but does no damage.
The centaur zombie barely misses you.
The frilled lizard bites you but does no damage.
You hit the centaur zombie.
The centaur zombie is almost destroyed.
You block the centaur zombie's attack.
The centaur zombie kicks you but does no damage.
You block the centaur zombie's attack. The centaur zombie barely misses you.
The frilled lizard bites you but does no damage.
You hit the centaur zombie but do no damage.
The centaur zombie is almost destroyed.
The centaur zombie hits you. You block the centaur zombie's attack.
The frilled lizard closely misses you.
The centaur zombie hits you but does no damage.
The centaur zombie kicks you but does no damage.
You hit the centaur zombie but do no damage.
The centaur zombie is almost destroyed.
The centaur zombie barely misses you. x2
The frilled lizard bites you but does no damage.
You hit the centaur zombie.
The centaur zombie is almost destroyed.
The centaur zombie hits you but does no damage.
The centaur zombie barely misses you.
The frilled lizard completely misses you.
The centaur zombie hits you.
The centaur zombie kicks you but does no damage.
You hit the centaur zombie.
You destroy the centaur zombie!
Yredelemnul accepts your kill.
The frilled lizard bites you but does no damage.
The frilled lizard barely misses you.
You have reached level 5!
Your demonic ancestry asserts itself...
Molten scales grow over part of your body.
A frilled lizard is nearby!
You completely miss the frilled lizard.
The frilled lizard bites you but does no damage.
You closely miss the frilled lizard. The frilled lizard closely misses you.
You hit the frilled lizard.
You kill the frilled lizard!
Yredelemnul accepts your kill.
No target in view!
No target in view!
No target in view!
No target in view!
No target in view!
You now have 187 gold pieces (gained 10).
Found a stone staircase leading down.
There is a stone staircase leading down here.
A frilled lizard comes into view.
The frilled lizard hisses angrily.
A frilled lizard is nearby!
A ball python comes into view.
Found a blossoming altar of Fedhas.
The ball python hisses angrily.
You barely miss the ball python. The ball python closely misses you.
You block the ball python's attack.
You hit the ball python.
You kill the ball python!
Yredelemnul accepts your kill.
The frilled lizard bites you but does no damage.
You closely miss the frilled lizard. The frilled lizard closely misses you.
You hit the frilled lizard.
You kill the frilled lizard!
Yredelemnul accepts your kill.
No target in view!
No target in view!
No target in view!
No target in view!
You enter the shallow water.
Moving in this stuff is going to be slow.
Things that are here:
a frilled lizard corpse; a ball python corpse You sense a monster nearby.
No target in view!
No target in view!
No target in view!
No target in view!
No target in view!
No target in view!
No target in view!
No target in view!
You sense a monster nearby.
A ball python comes into view.
The ball python hisses angrily.
Found a scroll labelled RIRIG OSECU.
The ball python barely misses you. The ball python closely misses you.
You hit the ball python.
You kill the ball python!
Yredelemnul accepts your kill.
No target in view!
No target in view!
No target in view!
No target in view!
No target in view!
No target in view!
No target in view!
No target in view!
Found a stone staircase leading up.
r - a scroll labelled RIRIG OSECU
There is a stone staircase leading up here.
There is a stone staircase leading up here.
You sense a monster nearby.
No target in view!
No target in view!
No target in view!
No target in view!
No target in view!
No target in view!
No target in view!
No target in view!
No target in view!
You sense a monster nearby.
There is a blossoming altar of Fedhas here.
You enter the shallow water.
Moving in this stuff is going to be slow.
There is a stone staircase leading down here.
You sense a monster nearby.
You sense a monster nearby.
No target in view!
No target in view!
No target in view!
No target in view!
No target in view!
No target in view!
No target in view!
No target in view!
You sense a monster nearby.
You sense a monster nearby.
A rat comes into view.
The rat moves out of view.
No target in view!
No target in view!
No target in view!
No target in view!
No target in view!
No target in view!
No target in view!
No target in view!
A ball python and a rat come into view.
The ball python hisses angrily.
The rat bites you but does no damage.
The ball python bites you but does no damage.
The ball python grabs you. The ball python constricts you.
There is an open door here.
Your scale mail prevents you from hitting the ball python.
The rat barely misses you. The ball python closely misses you.
The ball python constricts you. The rat bites you but does no damage.
You barely miss the ball python.
The ball python bites you but does no damage.
The ball python constricts you. The rat bites you but does no damage.
The ball python bites you but does no damage.
The ball python constricts you.
You hit the ball python but do no damage.
The ball python barely misses you. The ball python constricts you.
You block the rat's attack.
You slash the ball python!
You kill the ball python!
Yredelemnul accepts your kill. The rat bites you.
You slash the rat!
You kill the rat!
Yredelemnul accepts your kill.
No target in view!
No target in view!
No target in view!
No target in view!
No target in view!
No target in view!
No target in view!
No target in view!
No target in view!
No target in view!
No target in view!
No target in view!
No target in view!
A goblin comes into view. It is wielding a +0 club.
The goblin shouts!
You hear a shout!
A quokka comes into view.
The goblin moves out of view.
A quokka is nearby!
A quokka is nearby!
You hit the goblin.
You kill the goblin!
Yredelemnul accepts your kill.
A hobgoblin comes into view.
The quokka twitches its whiskers.
The hobgoblin shouts!
You hit the quokka.
The quokka is severely wounded.
Something shouts, "Slither away, thou fobbing dizzy-eyed pot-faker!"
The quokka bites you but does no damage.
You hit the quokka.
You kill the quokka!
Yredelemnul accepts your kill.
A goblin comes into view. It is wielding a +0 dagger.
There is an open door here.
Things that are here:
a +0 club; a quokka corpse; a goblin corpse You slash the hobgoblin!
You kill the hobgoblin!
Yredelemnul accepts your kill.
An endoplasm comes into view.
You see here a hobgoblin corpse.
Your scale mail prevents you from hitting the goblin.
You block the goblin's attack.
You slash the goblin!
You kill the goblin!
Yredelemnul accepts your kill.
You hit the endoplasm.
The endoplasm is lightly wounded.
You block the endoplasm's attack.
You slash the endoplasm!
You kill the endoplasm!
Yredelemnul accepts your kill.
No target in view!
A rat comes into view.
A rat is nearby!
The rat barely misses you.
There is an open door here.
You hit the rat but do no damage. The rat bites you but does no damage.
You closely miss the rat. You block the rat's attack.
A white imp comes into view.
You closely miss the rat. The rat closely misses you.
You closely miss the rat. The rat bites you.
You hit the rat.
You kill the rat!
Yredelemnul accepts your kill. The white imp gestures at you.
The puff of frost hits you.
A bat, a kobold and a dart slug come into view.
The kobold is wielding a +0 whip of freezing.
Found a long smoking staff.
The kobold shouts!
The white imp gestures at you.
The puff of frost hits you but does no damage.
The bat barely misses you.
You see here a rat corpse.
You slash the bat!
You kill the bat!
Yredelemnul accepts your kill.
A hobgoblin comes into view. It is wielding a +0 quarterstaff.
The hobgoblin shouts!
You hit the kobold.
You kill the kobold!
Yredelemnul accepts your kill.
You hear a shout!
You hear an angry hiss.
A kobold comes into view. It is wielding a +0 mace.
There are monsters nearby!
There are monsters nearby!
You closely miss the white imp. You block the white imp's attack.
You hit the white imp but do no damage.
The hobgoblin throws a stone.
The stone hits you but does no damage.
The white imp hits you but does no damage.
You hit the white imp but do no damage.
The hobgoblin throws a stone.
The stone closely misses you. The white imp closely misses you.
You hit the white imp.
The white imp is lightly wounded.
The white imp gestures at you. The puff of frost hits you!
You hit the white imp.
The white imp is heavily wounded.
The kobold hits you but does no damage. The white imp closely misses you.
The kobold misses you.
The white imp grins evilly.
The white imp hits you but does no damage.
You hit the white imp.
The white imp is almost dead.
The hobgoblin throws a stone.
The stone hits you. The white imp gestures at you.
The puff of frost hits you but does no damage.
The kobold hits you but does no damage.
You are too injured to fight recklessly!
You are too injured to fight recklessly!
You are too injured to fight recklessly!
You are too injured to fight recklessly!
You are too injured to fight recklessly!
You are too injured to fight recklessly!
You are too injured to fight recklessly!
You are too injured to fight recklessly!
You are too injured to fight recklessly!
You are too injured to fight recklessly!
You are too injured to fight recklessly!
You are too injured to fight recklessly!
You are too injured to fight recklessly!
You are too injured to fight recklessly!
You are too injured to fight recklessly!
You are too injured to fight recklessly!
You are too injured to fight recklessly!
You are too injured to fight recklessly!
You are too injured to fight recklessly!
You are too injured to fight recklessly!
You are too injured to fight recklessly!
You are too injured to fight recklessly!
You are too injured to fight recklessly!
You are too injured to fight recklessly!
You are too injured to fight recklessly!
You are too injured to fight recklessly!
You are too injured to fight recklessly!
There is an open door here.
There's something in the way.
There's something in the way.
There's something in the way.
There's something in the way.
There's something in the way.
There's something in the way.
You hit the kobold but do no damage. The kobold hits you with a +0 mace.
You barely miss the kobold. You block the kobold's attack.
You slash the kobold!
You kill the kobold!
Yredelemnul accepts your kill.
You hit the hobgoblin but do no damage. You block the hobgoblin's attack.
Your shield prevents you from hitting the hobgoblin.
The hobgoblin barely misses you. The white imp puffs mist at you.
The hobgoblin hits you but does no damage.
You completely miss the hobgoblin.
The hobgoblin hits you with a +0 quarterstaff.
* * * LOW HITPOINT WARNING * * *
You hit the hobgoblin but do no damage.
The hobgoblin hits you but does no damage.
You slash the hobgoblin!
You kill the hobgoblin!
Yredelemnul accepts your kill.
You barely miss the white imp.
The white imp is almost dead.
The white imp hits you but does no damage.
The white imp barely misses you.
You hit the white imp.
You kill the white imp!
Yredelemnul accepts your kill.
Your Long Blades skill increases to level 5!
An adder comes into view.
The adder hisses angrily.
Items here: $ ( )) ? [ †.
A hobgoblin comes into view.
The hobgoblin shouts!
The adder closely misses you.
A giant cockroach comes into view.
The adder closely misses you.
There is an open door here.
Things that are here:
a +0 whip of freezing; a bat corpse You hit the adder.
The adder is moderately wounded.
The adder bites you.
* * * LOW HITPOINT WARNING * * *
You are poisoned.
The adder poisons you!
You slash the adder!
You kill the adder!
Yredelemnul accepts your kill.
You feel sick.
A frilled lizard comes into view.
You feel sick.
The frilled lizard hisses angrily.
The hobgoblin hits you but does no damage.
You barely miss the hobgoblin.
You feel sick. The hobgoblin hits you.
* * * LOW HITPOINT WARNING * * *
The giant cockroach misses you.
You hit the hobgoblin.
The hobgoblin is lightly wounded.
You feel sick. The hobgoblin misses you. The giant cockroach bites you.
* * * LOW HITPOINT WARNING * * *
The hobgoblin hits you.
* * * LOW HITPOINT WARNING * * *
You completely miss the hobgoblin.
The hobgoblin is lightly wounded.
You feel sick.
The giant cockroach closely misses you. x2
The hobgoblin hits you.
* * * LOW HITPOINT WARNING * * *
You hit the hobgoblin but do no damage.
The hobgoblin is lightly wounded.
You die...
Your body rises from the dead as a mindless zombie.

### ...# ##...##.. #
####..###'# { #.#.##<. ####
####..#'##..w## {#...##..
...# #.'....##.....## {
#...###. ...#
#.#†...#......|# ##.#.##.
...# #.##..##...8...# #.##.#.
##.# #..##)##..l....# #......
#.#####.##.†##.gB..# #.##.#.
#.......#...)##@..#
{{##.#.##.
##.####..#....'#)### #...###.
.........##..##).# ####.## #.
......########....'....#....#
##
.............#....##..#######
#.###.#########..######.# #.#
#.# #### #..#.### #.###.##
#.###.#....####### #......#
#..≈≈≈≈≈.#........


You could see a dart slug, a giant cockroach, a hobgoblin and a frilled lizard.

Vanquished Creatures
  A centaur zombie (D:3)
  7 adders
  A white imp (D:3)
  An orc (D:2)
  7 ball pythons
  5 bats
  4 endoplasms
  2 giant cockroaches (D:2)
  6 goblins
  8 hobgoblins
  2 jackals (D:1)
  7 kobolds
  5 quokkas
  5 frilled lizards
  7 rats
68 creatures vanquished.

Notes
Turn   | Place    | Note
-------+----------+-------------------------------------------
     0 | D:1      | sleeves the Demonspawn Fighter began the quest for the Orb.
     0 | D:1      | Reached XP level 1. HP: 18/18 MP: 1/1
    14 | D:1      | Reached skill level 2 in Long Blades
    90 | D:1      | Found a faded altar of an unknown god.
   132 | D:1      | Gained mutation: You have a pair of small antennae on your
                  | head. [demonic ancestry]
   132 | D:1      | Reached XP level 2. HP: 19/24 MP: 2/2
   451 | D:1      | Reached skill level 3 in Long Blades
   759 | D:1      | Gained mutation: You have a pair of antennae on your head.
                  | [demonic ancestry]
   759 | D:1      | Reached XP level 3. HP: 17/29 MP: 3/3
   911 | D:1      | HP: 13/29 [frozen (4)]
  1252 | D:1      | Became a worshipper of Yredelemnul the Dark
  1252 | D:1      | Reached * piety under Yredelemnul
  1419 | D:2      | HP: 13/29 [quokka (2)]
  1421 | D:2      | HP: 6/29 [quokka (4)]
  1854 | D:2      | Reached skill level 4 in Long Blades
  1854 | D:2      | Gained mutation: Spells you cast may paralyse adjacent
                  | enemies. [demonic ancestry]
  1854 | D:2      | Reached XP level 4. HP: 35/35 MP: 4/4
  2960 | D:3      | Gained mutation: You are partially covered in molten
                  | scales. (AC +2) [demonic ancestry]
  2960 | D:3      | Reached XP level 5. HP: 34/41 MP: 5/5
  3029 | D:3      | Found a blossoming altar of Fedhas.
  3267 | D:3      | HP: 17/41 [hobgoblin (5)]
  3272 | D:3      | Reached skill level 5 in Long Blades
  3274 | D:3      | HP: 17/41 [adder (1)]
  3278 | D:3      | HP: 5/41 [hobgoblin (4)]
  3279 | D:3      | HP: 1/41 [hobgoblin (3)]
  3280 | D:3      | Succumbed to an adder's poison

Illustrated notes

Levels and vault maps discovered:
D:1:      minmay_arrival_shoal_huts, layout_basic,
          dreamdust_ecumenical_altar_statues, minmay_tromino_v4_b
D:2:      layout_loops_cross, kennysheep_generic_room_13
D:3:      minmay_bubble_buster, layout_loops_ring, fedhas_altar_2

Skill      XL: |  1  2  3  4  5 |
---------------+----------------+-----
Long Blades    | 2 3 4 5 |  5.1
Fighting       | |  3.0
Armour         | |  2.6
Shields        | |  2.6

Action                   |  1- 3 |  4- 6 || total
-------------------------+-------+-------++-------
Melee: Long sword        |   124 |   102 ||   226
Armor: Scale mail        |    76 |    58 ||   134
Dodge: Dodged            |    65 |    53 ||   118
Block: Buckler           |    41 |    23 ||    64

Table legend: (Time is in decaauts)
 A = Elapsed time spent in this place.
 B = Non-inter-level travel time spent in this place.
 C = Inter-level travel time spent in this place.
 D = Time resting spent in this place.
 E = Time spent auto-exploring this place.
 F = Levels seen in this place.
 G = Mean time per level.
                   A        B        C        D        E       F      G
               +--------+--------+--------+--------+--------+-----+--------+
         Total |   3341 |   3235 |    106 |    231 |   2490 |   3 | 1113.7 |
       Dungeon |   3341 |   3235 |    106 |    231 |   2490 |   3 | 1113.7 |
               +--------+--------+--------+--------+--------+-----+--------+

Top non-repeatable levels by time:
     D:1: 1318 daAuts
     D:2: 1183 daAuts
     D:3: 839 daAuts
